AoeStats
← Baldinord

Hideout

509519166Analyzed
1v1 RM · 6d ago on Sep 27, 2026· 14m 23s· 2 players
Game mode
Random Map
Map size
Tiny (2 player)
Population
200
Speed
Normal
Resources
Standard
Victory
Conquest
Starting age
Dark Age
Ending age
Imperial Age
RankedLock teamsTeams togetherTeam positionsShared explorationLock speedFull tech treeHidden civsTurbo modeCheats
Victory
Defeat
🇦🇷 Vietnamese · Argentina
902
+14
🇺🇸 Britons · United States
869
-38
Doomsday Blood
10:39 Feudal Age
11:25 Double-Bit Axe
11:22 Horse Collar
13:07 Town Watch
13:58 Wheelbarrow
13:09 Loom
Baldinord
1:44 Loom
10:37 Feudal Age
11:45 Arson
11:54 Man-at-Arms
13:47 Double-Bit Axe
Connection lost

Rejoining the realm…

Still unreachable

The connection could not be restored.

Session expired

The server has moved on; the page needs a fresh start.